 Seeded DCSS version 0.30.1-4-g462c640d31 (webtiles) character file.

Game seed: 6351066067085065685 (custom seed)

1291 Esekla the Magician (level 8, -2/41 HPs)
             Began as a Deep Elf Necromancer on Aug 13, 2023.
             Was a Believer of Vehumet.
             Constricted to death by Pikel (7 damage)
             ... on level 6 of the Dungeon.
             The game lasted 00:20:56 (4265 turns).

Esekla the Magician (Deep Elf Necromancer)          Turns: 4265, Time: 00:20:56

Health: -2/41      AC:  4    Str:  5    XL:     8   Next: 30%
Magic:  13/20      EV: 12    Int: 23    God:    Vehumet [**....]
Gold:   325        SH:  0    Dex: 18    Spells: 8/21 levels left

rFire   . . .        a - +5 rapier of the Hero {heavy, rN+ Dex+3}
rCold   . . .        (no shield)
rNeg    + . .        c - +0 robe
rPois   .            i - +0 helmet
rElec   .            (no cloak)
rCorr   .            k - +0 pair of gloves
SInv    .            (no boots)
Will    .....        B - amulet of magic regeneration
Stlth   +++          (no ring)
HPRegen 0.26/turn    (no ring)
MPRegen 0.57/turn

%: no passive effects
@: grasped by roots, constricted
A: no striking features
a: Renounce Religion


You were on level 6 of the Dungeon.
You worshipped Vehumet.
Vehumet was pleased with you.
You visited 1 branch of the dungeon, and saw 6 of its levels.

You collected 325 gold pieces.

Inventory:

Hand Weapons
 a - the +5 rapier of the Hero (weapon) {heavy, rN+ Dex+3}
   (You found it on level 3 of the Dungeon)

   Dex:       It affects your dexterity (+3).
   rN:        It protects you from negative energy.
 r - a +0 trident
Missiles
 u - 23 poisoned darts (quivered)
 x - a throwing net
Armour
 c - a +0 robe (worn)
 i - a +0 helmet (worn)
 k - a +0 pair of gloves (worn)
Jewellery
 B - an amulet of magic regeneration (around neck)
Wands
 o - a wand of roots (16)
 D - a wand of flame (15)
Scrolls
 e - 3 scrolls of fear {unknown}
 g - 5 scrolls of identify {unknown}
 m - a scroll of immolation {unknown}
 n - 2 scrolls of blinking {unknown}
 q - 2 scrolls of fog {unknown}
 t - a scroll of enchant armour {unknown}
 v - 2 scrolls of amnesia {unknown}
 w - 3 scrolls of enchant weapon {unknown}
 y - a scroll of summoning {unknown}
 z - a scroll of silence {unknown}
 A - a scroll of magic mapping {unknown}
 E - a scroll of teleportation {unknown}
Potions
 b - a potion of magic
 d - 2 potions of ambrosia {unknown}
 f - a potion of haste {unknown}
 h - a potion of mutation {unknown}
 j - 5 potions of curing {unknown}
 l - 2 potions of attraction {unknown}
 p - a potion of heal wounds {unknown}
 s - 3 potions of brilliance {unknown}
 C - a potion of lignification {unknown}


   Skills:
 + Level 3.1 Short Blades
 + Level 0.2 Throwing
 * Level 5.4 Dodging
 + Level 4.3 Stealth
 * Level 7.1 Spellcasting
 * Level 3.2 Conjurations
 * Level 7.1 Necromancy
 * Level 1.1 Translocations
 * Level 2.5 Air Magic


You had 8 spell levels left.
You knew the following spells:

 Your Spells              Type           Power      Damage    Failure   Level
a - Necrotise             Necr           100%       1d9       1%          1
b - Shock                 Conj/Air       84%        1d8       2%          1
c - Volatile Blastmotes   Fire/Tloc      20%        2d11      19%         3
d - Vampiric Draining     Necr           40%        2d8       1%          3
e - Static Discharge      Conj/Air       42%        2-4/arc   3%          2
t - Teleport Other        Tloc           13%        N/A       14%         3

Your spell library contained the following spells:

 Spells                   Type           Power      Damage    Failure   Level
 Animate Dead             Necr           40%        N/A       4%          4
 Lesser Beckoning         Tloc           26%        N/A       7%          2
 Agony                    Necr           40%        N/A       12%         5
 Gell's Gravitas          Tloc           13%        N/A       14%         3
 Spider Form              Tmut/Pois      8%         N/A       22%         3
 Cause Fear               Hex            4%         N/A       58%         4
 Summon Mana Viper        Hex/Summ       8%         N/A       91%         5


Dungeon Overview and Level Annotations

Branches:
Dungeon (6/15)             Temple (0/1) D:6

Altars:
Dithmenos
Fedhas
Hepliaklqana
Okawaru
Qazlal
Trog
Vehumet
Zin
The Shining One

Shops:
D:2 =   D:4 (

Annotations:
D:6 Blork the orc, Pikel


Message History

Pikel, Merchant of Souls comes into view.
He is wielding a +1 whip of flaming and carrying a wand of roots (7).
Pikel shouts!
The lemure shouts!
You hear a shout!
A lemure comes into view.
You puncture Pikel!
Pikel is moderately wounded.
Pikel zaps a wand.
The roots erupt in riotous growth!
The grasping roots grab you!
Pikel is unaffected.
The grasping roots constrict you.
Pikel hits you with a +1 whip of flaming!
Pikel burns you. The grasping roots constrict you!
You hear a shout!
Casting: Vampiric Draining (safe; 1% risk of failure)
Confirm with . or Enter, or press ? or * to list all spells.
Aiming: Vampiric Draining (safe; 1% risk of failure)
Press: ? - help, Shift-Dir - straight line, f - Pikel
Aim: Pikel, wielding a +1 whip of flaming, wearing a +0 robe and carrying a wand of roots (6) (lightly wounded)
You draw life force from Pikel!
You feel life coursing into your body.
Pikel hits you with a +1 whip of flaming!
Pikel burns you. The grasping roots constrict you.
* * * LOW HITPOINT WARNING * * *
Casting: Vampiric Draining (safe; 1% risk of failure)
Confirm with . or Enter, or press ? or * to list all spells.
Aiming: Vampiric Draining (safe; 1% risk of failure)
Press: ? - help, Shift-Dir - straight line, f/p - Pikel
Aim: Pikel, wielding a +1 whip of flaming, wearing a +0 robe and carrying a wand of roots (6) (heavily wounded)
You draw life force from Pikel!
You feel life coursing into your body.
Pikel hits you with a +1 whip of flaming.
* * * LOW HITPOINT WARNING * * *
Pikel burns you.
* * * LOW HITPOINT WARNING * * *
The grasping roots constrict you.
* * * LOW HITPOINT WARNING * * *
Casting: Vampiric Draining (safe; 1% risk of failure)
Confirm with . or Enter, or press ? or * to list all spells.
Aiming: Vampiric Draining (safe; 1% risk of failure)
Press: ? - help, Shift-Dir - straight line, f/p - Pikel
Aim: Pikel, wielding a +1 whip of flaming, wearing a +0 robe and carrying a wand of roots (6) (severely wounded)
You draw life force from Pikel.
You feel life coursing into your body. Pikel completely misses you.
The grasping roots constrict you!
You die...

#.# #.##.. #.#
#.#... #.#
#.#... ##.##
#.#... ##.#.##
#.##..
##.###.##
#..... ##.##
##.## ###...
#.## ##.# #..#
##.## ##@##
#..#
##.###K#######.
.....
##.#.#........
#.#...
##.#.#.5##.....
.#....
#.#####5... ...
##... ##.##
..#####.. .###
##.# #.# #.. #
#........##..
..#
...........#.
#.#


You could see Pikel.

Vanquished Creatures
  An ice beast (D:6)
  A sky beast (D:6)
  2 black bears
  An ogre (D:5)
  A lemure (D:6)
  A kobold brigand (D:6)
  2 scorpions (D:5)
  A gnoll bouda (D:4)
  5 hounds
  A jelly (D:6)
  A sleepcap (D:5)
  5 iguanas
  10 gnolls
  9 adders
  2 white imps
  An ufetubus (D:6)
  A worm (D:4)
  3 dart slugs
  11 orcs
  6 ball pythons
  4 endoplasms
  8 goblins
  5 hobgoblins
  A quokka (D:1)
  4 bats
  4 frilled lizards
  12 kobolds
  A rat (D:2)
104 creatures vanquished.

Notes
Turn   | Place    | Note
-------+----------+-------------------------------------------
     0 | D:1      | Esekla the Deep Elf Necromancer began the quest for the
                  | Orb.
     0 | D:1      | Reached XP level 1. HP: 10/10 MP: 6/6
   172 | D:1      | Reached skill level 5 in Necromancy
   385 | D:4      | Found an iron altar of Okawaru.
   450 | D:4      | Found a glowing silver altar of Zin.
   469 | D:4      | Found a radiant altar of Vehumet.
   473 | D:4      | Became a worshipper of Vehumet
   484 | D:4      | Reached XP level 2. HP: 5/15 MP: 8/8
   655 | D:3      | Identified the +5 rapier of the Hero {heavy, rN+ Dex+3}
   750 | D:2      | Found Renulab's Jewellery Shop.
   849 | D:1      | Reached XP level 3. HP: 19/19 MP: 9/9
   853 | D:1      | Learned a level 3 spell: Vampiric Draining
  1167 | D:3      | Reached skill level 1 in Short Blades
  1383 | D:3      | Reached XP level 4. HP: 23/24 MP: 11/11
  1393 | D:3      | Reached * piety under Vehumet
  1393 | D:3      | Offered knowledge of Shock by Vehumet.
  1615 | D:2      | Noticed a black bear
  1622 | D:2      | Killed a black bear
  1623 | D:2      | Reached XP level 5. HP: 26/28 MP: 5/13
  1629 | D:2      | Learned a level 1 spell: Shock
  1739 | D:2      | Found a faded altar of an unknown god.
  1933 | D:3      | Found a stormy altar of Qazlal.
  1976 | D:3      | Found a hazy altar of Hepliaklqana.
  1979 | D:3      | Found a bloodstained altar of Trog.
  2284 | D:4      | Found Ponaysk's Antique Weapon Boutique.
  2487 | D:4      | Found a glowing golden altar of the Shining One.
  2544 | D:4      | Reached XP level 6. HP: 32/32 MP: 10/14
  2545 | D:4      | Reached skill level 1 in Conjurations
  2548 | D:4      | Reached skill level 1 in Air Magic
  2882 | D:5      | Entered Level 5 of the Dungeon
  2891 | D:5      | Got the Parchment of the Lumpy Olives
  2907 | D:5      | Found a shadowy altar of Dithmenos.
  3083 | D:5      | Reached skill level 5 in Spellcasting
  3085 | D:5      | Reached ** piety under Vehumet
  3085 | D:5      | Offered knowledge of Static Discharge by Vehumet.
  3086 | D:5      | Reached XP level 7. HP: 34/36 MP: 13/16
  3089 | D:5      | Learned a level 2 spell: Static Discharge
  3172 | D:5      | Reached skill level 5 in Dodging
  3695 | D:5      | Learned a level 3 spell: Teleport Other
  3743 | D:6      | Noticed Blork the orc
  3821 | D:6      | Found a blossoming altar of Fedhas.
  3842 | D:6      | Reached XP level 8. HP: 32/41 MP: 5/19
  3846 | D:6      | Offered knowledge of Volatile Blastmotes by Vehumet.
  3879 | D:6      | Learned a level 3 spell: Volatile Blastmotes
  3996 | D:6      | Reached skill level 1 in Translocations
  4186 | D:6      | Found a staircase to the Ecumenical Temple.
  4258 | D:6      | Noticed Pikel
  4265 | D:6      | Constricted to death by Pikel

Illustrated notes

Levels and vault maps discovered:
D:1:      sevenhm_arrival_forest_fort_small_3, layout_rooms,
          chequers_serial_rivers_room_b, minmay_misc_feat_five
D:2:      layout_loops_ring, dreamdust_ecumenical_altar_angels_and_demons,
          serial_shops, shop
D:3:      layout_basic, grunt_temple_overflow_open, minmay_misc_feat_iff
D:4:      layout_basic, nicolae_overflow_quartered_altars, serial_shops,
          nicolae_diamond_shop
D:5:      layout_loops_ring, lemuel_doored_altar, minmay_misc_feat_rows,
          dreamdust_wishing_well
D:6:      layout_loops_cross, fedhas_altar_fruit_tree,
          minmay_temple_entry_glass, uniq_pikel, uniq_blork_the_orc

Skill      XL: |  1  2  3  4  5  6  7  8 |
---------------+-------------------------+-----
Necromancy     | 5 6 7 |  7.1
Dodging        | 3 4 5 |  5.4
Short Blades   | 1 2 3 |  3.1
Stealth        | 3 4 |  4.3
Spellcasting   | 4 5 6 7 |  7.1
Conjurations   | 1 2 3 |  3.2
Air Magic      | 1 2 |  2.5
Translocations | 1 |  1.1
Throwing       | |  0.2

Action                     |  1- 3 |  4- 6 |  7- 9 || total
---------------------------+-------+-------+-------++-------
  Melee: Short sword       |    30 |       |       ||    30
         Unarmed           |     9 |       |       ||     9
         Rapier            |    50 |    88 |    60 ||   198
         Punch             |       |     2 |     2 ||     4
  Throw: Dart              |       |     3 |     3 ||     6
   Cast: Vampiric Draining |     3 |    14 |    24 ||    41
   Stab: Sleeping          |     3 |     6 |     4 ||    13
 Armour: Robe              |    24 |    20 |    16 ||    60
  Dodge: Dodged            |    88 |    92 |    61 ||   241
